Map: 10000 Feet LE

Players

Abram

  • Race: Zerg Zerg
  • League: Gold
  • Spawn Location: 11:00

Manolo - Winner!

  • Race: Protoss Protoss
  • Spawn Location: 5:00

VOD

Have the link to the VOD?

Description

Time

  • Played on: May 4, 2026, 8:45 p.m.
  • Length: 15:45
Show
View Real Time Build Order
Export as new Build Order

Abram Zerg 

Build Orders: Hatch First 

Get SALT Encoding   

  12  0:01  Drone  
  13  0:08  Drone  
  14  0:16  Extractor, Drone  
  15  0:25  Overlord  
  15  0:46  Hatchery  
  15  0:47  Drone  
  15  0:51  Drone  
  15  0:55  Drone  
  17  1:00  Drone  
  18  1:10  Drone  
  19  1:23  Spawning Pool  
  18  1:36  Hatchery  
  18  1:38  Drone  
  18  1:41  Extractor  
  18  1:43  Drone  
  18  1:53  Drone x2  
  18  1:54  Extractor  
  19  2:04  Drone x2  
  21  2:10  Drone  
  21  2:15  Drone  
  23  2:17  Queen  
  25  2:25  Drone  
  26  2:30  Drone  
  26  2:31  Drone  
  26  2:36  Metabolic Boost  
  28  2:40  Overlord  
  28  2:50  Queen  
  30  2:54  Zergling x2  
  31  3:06  Queen  
  31  3:08  Pneumatized Carapace  
  33  3:13  Zergling x4  
  33  3:18  Drone x2  
  37  3:21  Drone  
  38  3:28  Drone x2  
  38  3:29  Drone  
  41  3:43  Drone  
  41  3:45  Overlord x2  
  42  3:50  Overlord  
  42  4:07  Drone x2  
  42  4:08  Drone x7  
  51  4:12  Extractor  
  51  4:13  Burrow, Extractor  
  49  4:19  Roach Warren  
  47  4:26  Zergling x2  
  47  4:27  Zergling x4  
  50  4:36  Zergling x4  
  50  4:37  Zergling x2  
  52  4:53  Zergling x6  
  52  4:54  Zergling x6  
  56  5:10  Drone x3  
  59  5:16  Hatchery  
  59  5:18  Roach x3  
  64  5:39  Zergling x2  
  64  5:40  Overlord  
  64  5:41  Overlord x4  
  65  5:57  Lair  
  65  6:02  Spore Crawler  
  65  6:03  Drone x2  
  66  6:12  Ravager x3  
  69  6:21  Evolution Chamber  
  69  6:23  Evolution Chamber, Drone  
  69  6:24  Drone x2  
  69  6:25  Evolution Chamber  
  69  6:33  Drone  
  69  6:34  Drone x7  
  69  6:35  Drone x5, Spore Crawler  
  81  6:44  Drone  
  82  6:55  Zerg Missile Weapons Level 1, Zerg Ground Armor Level 1, Zerg Melee Weapons Level 1  
  82  7:01  Spire  
  79  7:15  Spore Crawler x2  
  78  7:16  Spore Crawler  
  76  7:41  Spore Crawler  
  76  7:43  Queen  
  75  7:44  Queen  
  75  8:06  Drone x2  
  75  8:07  Drone  
  75  8:09  Extractor  
  75  8:11  Extractor, Spore Crawler  
  75  8:17  Queen  
  77  8:20  Corruptor  
  77  8:21  Corruptor x5  
  89  8:31  Hatchery  
  88  8:45  Drone  
  88  8:46  Drone x3  
  92  8:53  Zergling x6, Roach x2  
  92  8:54  Zergling x4, Roach x2  
  92  8:55  Zerg Melee Weapons Level 2, Zerg Missile Weapons Level 2, Zerg Ground Armor Level 2  
  105  8:58  Overlord x2  
  105  8:59  Overlord  
  105  9:00  Hydralisk Den  
  103  9:11  Roach  
  105  9:32  Infestation Pit  
  105  9:33  Zerg Flyer Weapons Level 1  
  105  9:35  Grooved Spines  
  104  9:41  Drone x3  
  104  9:42  Drone x6  
  113  9:51  Drone  
  114  9:53  Corruptor x3  
  114  9:57  Corruptor  
  122  10:05  Drone x4  
  126  10:14  Queen  
  126  10:17  Overlord x3  
  126  10:18  Overlord x2  
  128  10:23  Infestor x2  
  128  10:24  Corruptor  
  128  10:25  Muscular Augments  
  128  10:27  Microbial Shroud  
  134  10:41  Infestor  
  134  10:42  Infestor  
  138  10:43  Infestor x2  
  138  10:44  Drone  
  138  10:45  Corruptor x3  
  138  10:49  Zergling x8  
  154  10:50  Zergling x12  
  154  10:51  Zergling x2  
  154  10:52  Zergling x2  
  161  11:03  Drone  
  161  11:04  Drone x3  
  165  11:06  Extractor  
  165  11:07  Drone x2  
  165  11:09  Extractor  
  165  11:27  Zerg Flyer Armor Level 1  
  165  11:37  Corruptor x2  
  165  11:38  Corruptor x3  
  175  11:40  Overlord  
  175  11:41  Overlord x3  
  175  11:46  Neural Parasite  
  175  12:05  Overseer x4  
  175  12:07  Overlord x3  
  175  12:08  Overlord  
  175  12:12  Mutalisk  
  175  12:13  Mutalisk x5  
  187  12:21  Spire  
  157  13:28  Hydralisk  
  157  13:29  Drone, Hydralisk x2, Zergling x8, Roach x3  
  157  13:30  Roach  
  157  13:40  Mutalisk x2  
  157  13:41  Zergling x4  
  135  13:51  Zergling x2  
  135  13:52  Zergling x6  
  102  14:05  Hive  
  102  14:10  Hydralisk x4  
  110  14:21  Mutalisk x2, Corruptor  
  110  14:22  Mutalisk  
  112  14:39  Mutalisk  
  112  14:40  Corruptor x4, Mutalisk x3  
  112  14:42  Corruptor  
  112  14:43  Corruptor  
  109  14:56  Mutalisk  
  109  14:57  Corruptor  
  88  15:08  Mutalisk  
  84  15:19  Mutalisk  
Show
View Real Time Build Order
Export as new Build Order

Manolo Protoss - Winner!

Build Orders: Carriers 

Get SALT Encoding   

  12  0:00  Probe  
  13  0:15  Probe  
  13  0:17  Pylon  
  14  0:23  Probe  
  15  0:33  Probe  
  16  0:41  Gateway  
  16  0:47  Assimilator  
  16  0:48  Probe  
  17  0:58  Assimilator  
  17  0:59  Probe  
  18  1:07  Probe  
  18  1:15  Probe  
  20  1:27  Probe  
  20  1:30  Cybernetics Core  
  21  1:33  Pylon  
  21  1:39  Probe  
  22  1:51  Zealot  
  24  2:00  Pylon  
  24  2:04  Forge  
  24  2:21  Stargate  
  24  2:22  Protoss Air Weapons Level 1  
  24  2:44  Twilight Council  
  24  2:45  Zealot  
  26  3:13  Fleet Beacon  
  26  3:16  Pylon  
  26  3:20  Pylon  
  26  3:41  Stargate  
  26  3:50  Pylon  
  26  4:16  Warp Gate  
  26  4:18  Pylon  
  26  4:22  Flux Vanes  
  26  4:35  Probe  
  26  4:38  Void Ray  
  31  4:45  Nexus  
  31  4:48  Assimilator  
  31  4:50  Assimilator  
  31  4:54  Pylon  
  33  5:04  Void Ray  
  31  5:25  Photon Cannon  
  31  5:26  Photon Cannon  
  31  5:27  Probe  
  32  5:33  Void Ray  
  36  6:08  Photon Cannon  
  36  6:11  Photon Cannon  
  36  6:16  Forge  
  36  6:21  Forge  
  36  6:25  Forge  
  36  6:27  Probe x2  
  38  6:44  Probe  
  38  6:45  Probe  
  38  6:49  Photon Cannon  
  36  7:52  Carrier x2  
  32  8:09  Probe  
  42  8:19  Protoss Shields Level 1  
  49  8:28  Mothership  
  49  8:35  Protoss Air Weapons Level 2  
  49  9:15  Carrier  
  49  9:19  Carrier, Shield Battery  
  49  9:20  Shield Battery  
  61  9:42  Probe  
  62  10:12  Shield Battery  
  62  10:13  Carrier x2  
  74  10:49  Pylon  
  74  10:56  Protoss Air Armor Level 1  
  75  10:57  Probe x2  
  76  11:47  Anion Pulse-Crystals  
  76  11:49  Phoenix x2  
  80  11:58  Pylon  
  80  12:13  Phoenix x2  
  84  12:29  Phoenix  
  84  12:30  Phoenix  
  88  12:48  Pylon  
  88  12:50  Pylon  
  88  12:51  Phoenix  
  88  12:54  Phoenix  
  92  13:09  Phoenix  
  92  13:19  Phoenix  
  90  13:34  Phoenix  
  90  13:40  Phoenix  
  66  13:59  Phoenix x2  
  76  14:24  Carrier x2  
Tags
 
Composition
Carriers
League
Gold
Matchup
PvZ
Spawn Locations
Cross Positions
Add a new tag
Caveats
  • Supply blocks, unpowered buildings, or Contaminate may cause inaccurate times.
  • Supply counts are checked every 10 seconds.